Penguins vs Phantoms
Created - Monday, March 10, 2025 at 20:21
Goals
|
Penguins |
4 |
2 |
0 |
6 |
Phantoms |
1 |
0 |
1 |
2 |
|
Shots
|
Penguins |
17 |
15 |
5 |
37 |
Phantoms |
10 |
13 |
21 |
44 |
|
1st period
1. Penguins , Brendan Lemieux 7 (Austin Watson 33, Ryan Winterton 29) at 0:08
2. Penguins , Nikita Chibrikov 32 (Tyler Kleven 27, Lucas Edmonds 30) at 4:41
3. Penguins , Daniel Torgersson 11 (Anthony Deangelo 45, Brendan Lemieux 13) at 13:35
4. Penguins , Corey Schueneman 9 (Roni Hirvonen 7, Tyler Kleven 28) at 15:52
5. Phantoms , Ruslan Iskhakov 22 (Fredrik Karlstrom 30, Matej Blumel 30) at 18:01 (PP)
Penalties :
Tyson Hinds (WBS) for High sticking (Minor) at 11:40, Matt Rempe (LEH) for Holding (Minor) at 12:19, Tyson Hinds (WBS) for Interference (Minor) at 16:17, Nikita Chibrikov (WBS) for Goalie Interference (Minor) at 18:47
2nd period
6. Penguins , Anthony Deangelo 29 (Antti Saarela 28) at 15:46 (PP)
7. Penguins , Ryan Winterton 24 (Tyler Kleven 29, Corey Schueneman 26) at 19:41 (PP)
Penalties :
Jake Massie (WBS) for Interference (Minor) at 7:14, Tyler Kleven (WBS) for Tripping (Minor) at 12:21, Jonathan Aspirot (LEH) for Tripping (Minor) at 15:07, Matt Rempe (LEH) for Roughing (Minor) at 18:31
3rd period
8. Phantoms , Matej Blumel 38 (Justin Bailey 11) at 19:46 (PP)
Penalties :
Matt Rempe (LEH) for Holding (Minor) at 0:14, Anthony Deangelo (WBS) for Cross-checking (Minor) at 0:14, Roni Hirvonen (WBS) for Holding (Minor) at 5:30, Jake Massie (WBS) for Roughing (Minor) at 7:33, Austin Watson (WBS) for Roughing (Minor) at 10:33, Robert Hagg (LEH) for Hooking (Minor) at 12:59, Tyson Hinds (WBS) for Interference (Minor) at 15:10, Brayden Tracey (WBS) for High sticking (Minor) at 18:42
Goalie Stats
Nico Daws (WBS), 42 saves from 44 shots - (0.955), W, 29-14-1, 60:00 minutes
FarmGoal5 (LEH), 18 saves from 20 shots - (0.900), 44:08 minutes
Matt Villalta (LEH), 13 saves from 17 shots - (0.765), L, 22-29-7, 15:52 minutes
Players Stats for Penguins
Player Name G A P +/- PIM S H SB GA TA FO MP PP MP PK MP
------------------------------------------------------------------------------------
Anthony Deangelo 1 1 2 2 2 4 3 2 0 0 0/0 22:16 1:59 7:27
Antti Saarela 0 1 1 1 0 0 3 0 0 0 13/23 15:44 2:18 0:00
Austin Watson 0 1 1 1 2 1 0 0 0 0 0/0 5:40 0:00 0:00
Brayden Tracey 0 0 0 1 2 4 1 0 0 0 5/16 23:13 2:33 8:10
Brendan Lemieux 1 1 2 2 0 1 3 0 0 0 7/9 22:22 2:09 9:13
Corey Schueneman 1 1 2 2 0 4 0 4 0 0 0/0 23:12 2:28 7:54
Daniel Torgersson 1 0 1 2 0 1 1 0 0 0 1/1 17:35 0:23 3:13
Farm Player 115 0 0 0 0 0 0 0 0 0 0 0/0 2:47 0:00 1:18
Jake Massie 0 0 0 2 4 2 3 1 0 0 0/0 19:05 1:59 2:22
Jakub Zboril 0 0 0 0 0 2 2 0 0 0 0/0 11:29 0:00 0:00
Lucas Edmonds 0 1 1 1 0 5 1 0 0 0 0/0 16:44 2:18 0:00
Luke Hughes 0 0 0 0 0 0 1 0 0 0 0/0 2:54 0:00 2:54
Marcel Marcel 0 0 0 0 0 0 0 0 0 0 0/0 0:00 0:00 0:00
Nikita Chibrikov 1 0 1 1 2 2 0 0 0 0 0/2 21:28 1:31 4:25
Roni Hirvonen 0 1 1 1 2 2 0 0 0 0 11/15 10:51 0:00 0:00
Ryan Winterton 1 1 2 1 0 7 0 0 0 0 20/27 22:53 2:09 8:21
Tyler Kleven 0 3 3 2 2 1 2 4 0 0 0/0 22:35 2:28 7:18
Tyson Hinds 0 0 0 0 6 1 4 2 0 0 0/0 18:22 0:00 6:45
Players Stats for Phantoms
Player Name G A P +/- PIM S H SB GA TA FO MP PP MP PK MP
------------------------------------------------------------------------------------
Alexis Gendron 0 0 0 0 0 0 0 0 0 0 0/0 2:31 2:31 0:00
Bokondji Imama 0 0 0 -1 0 1 0 0 0 0 0/0 10:19 0:00 0:00
Fredrik Karlstrom 0 1 1 -1 0 3 0 0 0 0 9/17 24:28 8:21 2:13
Jansen Harkins 0 0 0 -1 0 2 4 0 0 0 0/2 21:39 8:18 0:15
Jermaine Loewen 0 0 0 0 0 0 0 0 0 0 0/0 0:29 0:20 0:00
Jonathan Aspirot 0 0 0 -1 2 1 4 0 0 0 0/0 15:19 0:42 0:00
Justin Bailey 0 1 1 -1 0 4 2 0 0 0 9/35 23:43 7:20 3:27
Justin Kirkland 0 0 0 -1 0 2 1 2 0 0 0/0 11:57 0:00 0:00
Leon Gawanke 0 0 0 -2 0 4 1 2 0 0 0/0 21:47 7:53 2:43
Mac Hollowell 0 0 0 0 0 0 0 0 0 0 0/0 0:00 0:00 0:00
Matej Blumel 1 1 2 -2 0 5 2 0 0 0 0/0 23:30 8:42 1:59
Matt Rempe 0 0 0 -1 6 4 7 0 0 0 2/6 18:59 6:57 0:31
Oskar Back 0 0 0 -1 0 1 2 0 0 0 0/0 11:24 0:00 0:00
Reilly Walsh 0 0 0 -1 0 3 0 1 0 0 0/0 23:07 8:59 1:44
Robert Hagg 0 0 0 -1 2 2 2 0 0 0 0/0 22:05 9:13 0:29
Ruslan Iskhakov 1 0 1 -2 0 8 1 0 0 0 16/33 23:12 9:30 0:29
Simon Lundmark 0 0 0 -2 0 4 2 1 0 0 0/0 21:47 7:53 2:43
Ville Heinola 0 0 0 -1 0 0 0 2 0 0 0/0 15:53 0:00 1:15
3 Stars
1 - Brendan Lemieux (WBS)
2 - Corey Schueneman (WBS)
3 - Anthony Deangelo (WBS)
Power Play
Penguins - 2 on 4 Attempt(s) - 50.00%
Phantoms - 2 on 10 Attempt(s) - 20.00%
Penalty Kill
Penguins - 8 on 10 Attempt(s) - 80.00%
- Score 0 goal in Penalty Kill
Phantoms - 2 on 4 Attempt(s) - 50.00%
- Score 0 goal in Penalty Kill
Team Stat
Penguins - Hits : 24 - Faceoff Wins : 57 - Blocked Shots : 13 - Penalty Minutes : 22
Phantoms - Hits : 28 - Faceoff Wins : 36 - Blocked Shots : 8 - Penalty Minutes : 10
Official
Referees : Tom Chmielewski and Carter Sandlak
Linesman : Caleb Apperson and Libor Suchanek
Game Notes
FarmGoal5 enters game at 15:52 of 1st period
Finance
Level 1 -- Attendance: 1876 (93.80%) -- Ticket Income $65,660
Level 2 -- Attendance: 906 (90.60%) -- Ticket Income $13,590
Total Attendance: 2782 (92.73%)
Total Ticket Income: $79,250
Other Income: $38,832
Total Income: $118,082
Penguins
5 vs 5 Forward
Center Left Wing Right Wing Time % Phy DF OF
1 Ryan Winterton Austin Watson Brendan Lemieux 25 1 2 2
2 Antti Saarela Nikita Chibrikov Lucas Edmonds 25 1 2 2
3 Roni Hirvonen Brayden Tracey Daniel Torgersson 25 1 2 2
4 Brendan Lemieux Daniel Torgersson Ryan Winterton 25 1 2 2
5 vs 5 Defense
Defense Defense Time % Phy DF OF
1 Jake Massie Anthony Deangelo 25 1 2 2
2 Corey Schueneman Tyler Kleven 25 1 2 2
3 Jakub Zboril Tyson Hinds 25 1 2 2
4 Jake Massie Anthony Deangelo 25 1 2 2
PowerPlay Forward
Center Left Wing Right Wing Time % Phy DF OF
1 Ryan Winterton Brendan Lemieux Brayden Tracey 60 1 2 2
2 Antti Saarela Nikita Chibrikov Lucas Edmonds 40 1 2 2
PowerPlay Defense
Defense Defense Time % Phy DF OF
1 Jake Massie Anthony Deangelo 60 1 2 2
2 Corey Schueneman Tyler Kleven 40 1 2 2
Penalty Kill 4 Players Forward
Center Wing Time % Phy DF OF
1 Brayden Tracey Brendan Lemieux 60 1 2 2
2 Ryan Winterton Nikita Chibrikov 40 1 2 2
Penalty Kill 4 Players Defense
Defense Defense Time % Phy DF OF
1 Tyson Hinds Anthony Deangelo 60 1 2 2
2 Corey Schueneman Tyler Kleven 40 1 2 2
Penalty Kill - 3 Players Forward
Forward Time % Phy DF OF
1 Brayden Tracey 60 1 2 2
2 Ryan Winterton 40 1 2 2
Penalty Kill - 3 Players Defense
Defense Defense Time % Phy DF OF
1 Jake Massie Anthony Deangelo 60 1 2 2
2 Corey Schueneman Tyler Kleven 40 1 2 2
4 vs 4 Forward
Center Wing Time % Phy DF OF
1 Brendan Lemieux Brayden Tracey 60 1 2 2
2 Ryan Winterton Nikita Chibrikov 40 1 2 2
4 vs 4 Defense
Defense Defense Time % Phy DF OF
1 Jake Massie Anthony Deangelo 60 1 2 2
2 Corey Schueneman Tyler Kleven 40 1 2 2
Last Minutes Offensive
Center Left Wing Right Wing Defense Defense
Ryan Winterton Austin Watson Brendan Lemieux Corey Schueneman Anthony Deangelo
Last Minutes Defensive
Center Left Wing Right Wing Defense Defense
Ryan Winterton Austin Watson Brendan Lemieux Corey Schueneman Anthony Deangelo
Goaltenders
Starting : Nico Daws
Backup : Mitchell Weeks
Extra Forwards
Normal : Ryan Winterton, Brayden Tracey, Nikita Chibrikov - PP : Ryan Winterton, Brayden Tracey - PK : Ryan Winterton
Extra Defensemen
Normal : Anthony Deangelo, Tyson Hinds, Jake Massie - PP : Anthony Deangelo - PK : Tyson Hinds, Jake Massie
Penalty Shots
Austin Watson, Brendan Lemieux, Ryan Winterton, Nikita Chibrikov, Brayden Tracey
Custom OT Lines Forwards
Austin Watson, Brendan Lemieux, Ryan Winterton, Nikita Chibrikov, Brayden Tracey, Lucas Edmonds, Roni Hirvonen, Daniel Torgersson, Antti Saarela, Marcel Marcel
Custom OT Lines Defensemen
Tyson Hinds, Anthony Deangelo, Corey Schueneman, Tyler Kleven, Jake Massie
Scratches
Farm Player 17 (Healthy), Farm Player 19 (Healthy), Ozzy Wiesblatt (Healthy), Thomas Milic (Healthy), Aaron Dell (Healthy)
Phantoms
5 vs 5 Forward
Center Left Wing Right Wing Time % Phy DF OF
1 Justin Bailey Matej Blumel Justin Kirkland 25 1 2 2
2 Ruslan Iskhakov Jansen Harkins Oskar Back 25 1 2 2
3 Fredrik Karlstrom Bokondji Imama Matt Rempe 25 1 2 2
4 Matt Rempe Justin Bailey Jansen Harkins 25 1 2 2
5 vs 5 Defense
Defense Defense Time % Phy DF OF
1 Robert Hagg Reilly Walsh 25 1 2 2
2 Leon Gawanke Simon Lundmark 25 1 2 2
3 Jonathan Aspirot Ville Heinola 25 1 2 2
4 Reilly Walsh Robert Hagg 25 1 2 2
PowerPlay Forward
Center Left Wing Right Wing Time % Phy DF OF
1 Justin Bailey Matej Blumel Fredrik Karlstrom 60 1 2 2
2 Ruslan Iskhakov Jansen Harkins Matt Rempe 40 1 2 2
PowerPlay Defense
Defense Defense Time % Phy DF OF
1 Robert Hagg Reilly Walsh 60 1 2 2
2 Leon Gawanke Simon Lundmark 40 1 2 2
Penalty Kill 4 Players Forward
Center Wing Time % Phy DF OF
1 Justin Bailey Fredrik Karlstrom 60 1 2 2
2 Matt Rempe Jansen Harkins 40 1 2 2
Penalty Kill 4 Players Defense
Defense Defense Time % Phy DF OF
1 Robert Hagg Reilly Walsh 60 1 2 2
2 Leon Gawanke Simon Lundmark 40 1 2 2
Penalty Kill - 3 Players Forward
Forward Time % Phy DF OF
1 Fredrik Karlstrom 60 1 2 2
2 Jansen Harkins 40 1 2 2
Penalty Kill - 3 Players Defense
Defense Defense Time % Phy DF OF
1 Robert Hagg Reilly Walsh 60 1 2 2
2 Leon Gawanke Simon Lundmark 40 1 2 2
4 vs 4 Forward
Center Wing Time % Phy DF OF
1 Matt Rempe Fredrik Karlstrom 60 1 2 2
2 Justin Bailey Jansen Harkins 40 1 2 2
4 vs 4 Defense
Defense Defense Time % Phy DF OF
1 Robert Hagg Reilly Walsh 60 1 2 2
2 Leon Gawanke Simon Lundmark 40 1 2 2
Last Minutes Offensive
Center Left Wing Right Wing Defense Defense
Justin Bailey Matej Blumel Jansen Harkins Robert Hagg Reilly Walsh
Last Minutes Defensive
Center Left Wing Right Wing Defense Defense
Justin Bailey Matej Blumel Jansen Harkins Robert Hagg Reilly Walsh
Goaltenders
Starting : Matt Villalta
Backup : FarmGoal5
Extra Forwards
Normal : Fredrik Karlstrom, Jansen Harkins, Matt Rempe - PP : Fredrik Karlstrom, Matt Rempe - PK : Matt Rempe
Extra Defensemen
Normal : Jonathan Aspirot, Ville Heinola, Robert Hagg - PP : Jonathan Aspirot - PK : Ville Heinola, Robert Hagg
Penalty Shots
Fredrik Karlstrom, Justin Bailey, Matt Rempe, Jansen Harkins, Matej Blumel
Custom OT Lines Forwards
Justin Bailey, Alexis Gendron, Matej Blumel, Jansen Harkins, Oskar Back, Ruslan Iskhakov, Fredrik Karlstrom, Justin Kirkland, Matt Rempe, Bokondji Imama
Custom OT Lines Defensemen
Robert Hagg, Reilly Walsh, Leon Gawanke, Simon Lundmark, Jonathan Aspirot
Scratches
Dryden Hunt (Healthy), Farm Player 117 (Healthy), Farm Player 118 (Healthy), Mason Millman (Healthy)
% Time on Ice - Penguins
Lines # - Real PCT - Wanted PCT - Time Play
Normal Forward
1 - 16% - 25% - 5:41
2 - 38% - 25% - 13:26
3 - 31% - 25% - 10:52
4 - 14% - 25% - 4:55
Normal Defense
1 - 17% - 25% - 6:01
2 - 33% - 25% - 11:29
3 - 33% - 25% - 11:29
4 - 17% - 25% - 5:55
PP Forward
1 - 48% - 60% - 2:09
2 - 52% - 40% - 2:18
PP Defense
1 - 45% - 60% - 1:59
2 - 55% - 40% - 2:28
PK Forward
1 - 70% - 60% - 12:07
2 - 30% - 40% - 5:13
PK Defense
1 - 54% - 60% - 9:26
2 - 46% - 40% - 7:54
PK3 Forward
1 - 0% - 60%
2 - 0% - 40%
PK3 Defense
1 - 0% - 60%
2 - 0% - 40%
44 Forward
1 - 70% - 60% - 2:19
2 - 30% - 40% - 1:00
44 Defense
1 - 59% - 60% - 1:58
2 - 41% - 40% - 1:21
Last Minute Offensive - 0:00
Last Minute Defensive - 0:00
Total
Forward - 60:00
Defense - 60:00
|
% Time on Ice - Phantoms
Lines # - Real PCT - Wanted PCT - Time Play
Normal Forward
1 - 34% - 25% - 11:57
2 - 33% - 25% - 11:24
3 - 30% - 25% - 10:19
4 - 4% - 25% - 1:14
Normal Defense
1 - 15% - 25% - 5:22
2 - 27% - 25% - 9:21
3 - 42% - 25% - 14:38
4 - 16% - 25% - 5:33
PP Forward
1 - 52% - 60% - 9:01
2 - 48% - 40% - 8:19
PP Defense
1 - 55% - 60% - 9:27
2 - 45% - 40% - 7:53
PK Forward
1 - 94% - 60% - 4:12
2 - 6% - 40% - 0:15
PK Defense
1 - 39% - 60% - 1:44
2 - 61% - 40% - 2:43
PK3 Forward
1 - 0% - 60%
2 - 0% - 40%
PK3 Defense
1 - 0% - 60%
2 - 0% - 40%
44 Forward
1 - 98% - 60% - 3:16
2 - 2% - 40% - 0:03
44 Defense
1 - 45% - 60% - 1:29
2 - 55% - 40% - 1:50
Last Minute Offensive - 0:00
Last Minute Defensive - 0:00
Total
Forward - 60:00
Defense - 60:00
|
Play-by-Play
1st period
0:01 of 1st period - Ryan Winterton wins face-off versus Justin Bailey in neutral zone.
0:08 of 1st period - Shot by Brendan Lemieux.
0:08 of 1st period - Goal by Brendan Lemieux - Penguins : 1 - Phantoms : 0.
0:09 of 1st period - Antti Saarela wins face-off versus Ruslan Iskhakov in neutral zone.
0:43 of 1st period - Shot by Jansen Harkins.
0:43 of 1st period - Shot Blocked by Corey Schueneman.
0:57 of 1st period - Nikita Chibrikov is hit by Matt Rempe and loses puck.
1:06 of 1st period - Shot by Matt Rempe.
1:06 of 1st period - Shot Misses the Net.
1:08 of 1st period - Shot by Fredrik Karlstrom.
1:08 of 1st period - Shot Misses the Net.
1:12 of 1st period - Shot by Fredrik Karlstrom.
1:12 of 1st period - Stopped by Nico Daws without a rebound.
1:13 of 1st period - Roni Hirvonen wins face-off versus Justin Bailey in Penguins zone.
1:22 of 1st period - Shot by Roni Hirvonen.
1:22 of 1st period - Stopped by Matt Villalta without a rebound.
1:23 of 1st period - Brendan Lemieux wins face-off versus Justin Bailey in Phantoms zone.
1:35 of 1st period - Off-side.
1:36 of 1st period - Roni Hirvonen wins face-off versus Fredrik Karlstrom in neutral zone.
1:36 of 1st period - Roni Hirvonen is hit by Matt Rempe.
1:41 of 1st period - Brayden Tracey is hit by Jonathan Aspirot.
1:49 of 1st period - Shot by Fredrik Karlstrom.
1:49 of 1st period - Shot Blocked by Tyson Hinds.
1:51 of 1st period - Shot by Bokondji Imama.
1:51 of 1st period - Stopped by Nico Daws without a rebound.
1:52 of 1st period - Justin Bailey wins face-off versus Ryan Winterton in Penguins zone.
1:52 of 1st period - Justin Bailey is hit by Jake Massie.
2:00 of 1st period - Shot by Justin Bailey.
2:00 of 1st period - Shot Misses the Net.
2:02 of 1st period - Shot by Matej Blumel.
2:02 of 1st period - Deflect By Justin Bailey.
2:02 of 1st period - Stopped by Nico Daws without a rebound.
2:03 of 1st period - Daniel Torgersson wins face-off versus Matt Rempe in Penguins zone.
2:15 of 1st period - Shot by Jansen Harkins.
2:15 of 1st period - Stopped by Nico Daws without a rebound.
2:16 of 1st period - Ryan Winterton wins face-off versus Fredrik Karlstrom in Penguins zone.
2:22 of 1st period - Reilly Walsh is hit by Anthony Deangelo and loses puck.
3:23 of 1st period - Daniel Torgersson is hit by Matej Blumel and loses puck.
3:49 of 1st period - Shot by Matej Blumel.
3:49 of 1st period - Shot Misses the Net.
3:51 of 1st period - Shot by Matej Blumel.
3:51 of 1st period - Shot Blocked by Tyson Hinds.
4:26 of 1st period - Jansen Harkins is hit by Lucas Edmonds and loses puck.
4:41 of 1st period - Shot by Nikita Chibrikov.
4:41 of 1st period - Goal by Nikita Chibrikov - Penguins : 2 - Phantoms : 0.
4:42 of 1st period - Ryan Winterton wins face-off versus Justin Bailey in neutral zone.
5:21 of 1st period - Shot by Matt Rempe.
5:21 of 1st period - Stopped by Nico Daws with a rebound.
5:32 of 1st period - Shot by Matt Rempe.
5:32 of 1st period - Stopped by Nico Daws without a rebound.
5:33 of 1st period - Ruslan Iskhakov wins face-off versus Antti Saarela in Penguins zone.
6:21 of 1st period - Icing by Fredrik Karlstrom.
6:22 of 1st period - Roni Hirvonen wins face-off versus Fredrik Karlstrom in Phantoms zone.
7:06 of 1st period - Robert Hagg is hit by Jake Massie and loses puck.
7:15 of 1st period - Shot by Ryan Winterton.
7:15 of 1st period - Stopped by Matt Villalta without a rebound.
7:16 of 1st period - Justin Bailey wins face-off versus Nikita Chibrikov in Phantoms zone.
8:29 of 1st period - Oskar Back is hit by Jake Massie and loses puck.
8:57 of 1st period - Shot by Matej Blumel.
8:57 of 1st period - Shot Misses the Net.
9:03 of 1st period - Justin Kirkland is hit by Brayden Tracey and loses puck.
9:16 of 1st period - Shot by Jakub Zboril.
9:16 of 1st period - Stopped by Matt Villalta with a rebound.
9:18 of 1st period - Shot by Brayden Tracey.
9:18 of 1st period - Stopped by Matt Villalta without a rebound.
9:19 of 1st period - Ryan Winterton wins face-off versus Fredrik Karlstrom in Phantoms zone.
9:25 of 1st period - Austin Watson is hit by Simon Lundmark and loses puck.
9:28 of 1st period - Shot by Ryan Winterton.
9:28 of 1st period - Shot Misses the Net.
9:30 of 1st period - Shot by Austin Watson.
9:30 of 1st period - Shot Misses the Net.
9:32 of 1st period - Shot by Ryan Winterton.
9:32 of 1st period - Deflect By Austin Watson.
9:32 of 1st period - Stopped by Matt Villalta without a rebound.
9:33 of 1st period - Ruslan Iskhakov wins face-off versus Roni Hirvonen in Phantoms zone.
9:45 of 1st period - Ville Heinola is hit by Daniel Torgersson and loses puck.
9:50 of 1st period - Shot by Brayden Tracey.
9:50 of 1st period - Shot Misses the Net.
9:52 of 1st period - Shot by Tyson Hinds.
9:52 of 1st period - Stopped by Matt Villalta without a rebound.
9:53 of 1st period - Fredrik Karlstrom wins face-off versus Antti Saarela in Phantoms zone.
10:02 of 1st period - Lucas Edmonds is hit by Matt Rempe and loses puck.
10:11 of 1st period - Shot by Fredrik Karlstrom.
10:11 of 1st period - Shot Misses the Net.
10:33 of 1st period - Icing by Matt Rempe.
10:34 of 1st period - Fredrik Karlstrom wins face-off versus Brendan Lemieux in Phantoms zone.
10:34 of 1st period - Fredrik Karlstrom is hit by Brendan Lemieux.
11:11 of 1st period - Oskar Back is hit by Anthony Deangelo and loses puck.
11:14 of 1st period - Shot by Ruslan Iskhakov.
11:14 of 1st period - Stopped by Nico Daws without a rebound.
11:15 of 1st period - Roni Hirvonen wins face-off versus Justin Bailey in Penguins zone.
11:15 of 1st period - Daniel Torgersson is hit by Justin Bailey and loses puck.
11:28 of 1st period - Shot by Matej Blumel.
11:28 of 1st period - Shot Misses the Net.
11:30 of 1st period - Shot by Matej Blumel.
11:30 of 1st period - Shot Misses the Net.
11:32 of 1st period - Shot by Justin Kirkland.
11:32 of 1st period - Shot Misses the Net.
11:39 of 1st period - Justin Bailey is hit by Jakub Zboril and loses puck.
11:40 of 1st period - Minor Penalty to Tyson Hinds for High sticking.
11:41 of 1st period - Brayden Tracey wins face-off versus Justin Bailey in Penguins zone.
12:06 of 1st period - Shot by Justin Bailey.
12:06 of 1st period - Shot Blocked by Tyler Kleven.
12:08 of 1st period - Shot by Leon Gawanke.
12:08 of 1st period - Stopped by Nico Daws with a rebound.
12:10 of 1st period - Shot by Justin Bailey.
12:10 of 1st period - Shot Blocked by Corey Schueneman.
12:12 of 1st period - Shot by Fredrik Karlstrom.
12:12 of 1st period - Shot Misses the Net.
12:19 of 1st period - Minor Penalty to Matt Rempe for Holding.
12:20 of 1st period - Ryan Winterton wins face-off versus Jansen Harkins in Phantoms zone.
12:31 of 1st period - Shot by Ryan Winterton.
12:31 of 1st period - Shot Misses the Net.
13:27 of 1st period - Shot by Brayden Tracey.
13:27 of 1st period - Stopped by Matt Villalta without a rebound.
13:28 of 1st period - Brendan Lemieux wins face-off versus Ruslan Iskhakov in Phantoms zone.
13:35 of 1st period - Shot by Daniel Torgersson.
13:35 of 1st period - Goal by Daniel Torgersson - Penguins : 3 - Phantoms : 0.
13:36 of 1st period - Brendan Lemieux wins face-off versus Ruslan Iskhakov in neutral zone.
13:57 of 1st period - Shot by Corey Schueneman.
13:57 of 1st period - Stopped by Matt Villalta with a rebound.
13:59 of 1st period - Shot by Tyler Kleven.
13:59 of 1st period - Shot Blocked by Reilly Walsh.
14:01 of 1st period - Shot by Corey Schueneman.
14:01 of 1st period - Stopped by Matt Villalta without a rebound.
14:02 of 1st period - Ryan Winterton wins face-off versus Justin Bailey in Phantoms zone.
14:02 of 1st period - Anthony Deangelo is hit by Leon Gawanke and loses puck.
14:05 of 1st period - Shot by Anthony Deangelo.
14:05 of 1st period - Stopped by Matt Villalta without a rebound.
14:06 of 1st period - Ryan Winterton wins face-off versus Justin Bailey in Phantoms zone.
14:17 of 1st period - Shot by Brayden Tracey.
14:17 of 1st period - Stopped by Matt Villalta without a rebound.
14:18 of 1st period - Antti Saarela wins face-off versus Justin Bailey in Phantoms zone.
14:21 of 1st period - Shot by Lucas Edmonds.
14:21 of 1st period - Stopped by Matt Villalta without a rebound.
14:22 of 1st period - Ruslan Iskhakov wins face-off versus Antti Saarela in Phantoms zone.
14:22 of 1st period - Ruslan Iskhakov is hit by Antti Saarela.
14:42 of 1st period - Jansen Harkins is hit by Antti Saarela and loses puck.
14:57 of 1st period - Off-side.
14:58 of 1st period - Brendan Lemieux wins face-off versus Justin Bailey in neutral zone.
15:29 of 1st period - Shot by Jake Massie.
15:29 of 1st period - Stopped by Matt Villalta without a rebound.
15:30 of 1st period - Roni Hirvonen wins face-off versus Fredrik Karlstrom in Phantoms zone.
15:50 of 1st period - Shot by Roni Hirvonen.
15:50 of 1st period - Shot Misses the Net.
15:52 of 1st period - Shot by Corey Schueneman.
15:52 of 1st period - Goal by Corey Schueneman - Penguins : 4 - Phantoms : 0.
15:52 of 1st period - FarmGoal5 enters game.
15:53 of 1st period - Antti Saarela wins face-off versus Ruslan Iskhakov in neutral zone.
16:03 of 1st period - Antti Saarela is hit by Jonathan Aspirot and loses puck.
16:06 of 1st period - Shot by Antti Saarela.
16:06 of 1st period - Shot Blocked by Ville Heinola.
16:17 of 1st period - Minor Penalty to Tyson Hinds for Interference.
16:18 of 1st period - Justin Bailey wins face-off versus Brayden Tracey in Penguins zone.
18:01 of 1st period - Shot by Fredrik Karlstrom.
18:01 of 1st period - Deflect By Ruslan Iskhakov.
18:01 of 1st period - Goal by Ruslan Iskhakov - Penguins : 4 - Phantoms : 1.
18:02 of 1st period - Justin Bailey wins face-off versus Antti Saarela in neutral zone.
18:10 of 1st period - Justin Bailey is hit by Tyson Hinds and loses puck.
18:13 of 1st period - Shot by Justin Kirkland.
18:13 of 1st period - Stopped by Nico Daws without a rebound.
18:14 of 1st period - Brayden Tracey wins face-off versus Fredrik Karlstrom in Penguins zone.
18:14 of 1st period - Corey Schueneman is hit by Matt Rempe.
18:17 of 1st period - Tyler Kleven is hit by Jonathan Aspirot and loses puck.
18:46 of 1st period - Icing by Jonathan Aspirot.
18:47 of 1st period - Fredrik Karlstrom wins face-off versus Antti Saarela in Phantoms zone.
18:47 of 1st period - Minor Penalty to Nikita Chibrikov for Goalie Interference.
18:48 of 1st period - Justin Bailey wins face-off versus Brayden Tracey in Penguins zone.
Goals for this period are 4 for Penguins vs 1 for Phantoms.
Shots for this period are 17 for Penguins vs 10 for Phantoms.
2nd period
0:01 of 2nd period - Brayden Tracey wins face-off versus Justin Bailey in neutral zone.
0:37 of 2nd period - Shot by Fredrik Karlstrom.
0:37 of 2nd period - Stopped by Nico Daws without a rebound.
0:38 of 2nd period - Ruslan Iskhakov wins face-off versus Ryan Winterton in Penguins zone.
1:08 of 2nd period - Shot by Nikita Chibrikov.
1:08 of 2nd period - Shot Misses the Net.
1:27 of 2nd period - Icing by Jonathan Aspirot.
1:28 of 2nd period - Brendan Lemieux wins face-off versus Ruslan Iskhakov in Phantoms zone.
2:00 of 2nd period - Ryan Winterton is hit by Jansen Harkins and loses puck.
3:23 of 2nd period - Icing by Simon Lundmark.
3:24 of 2nd period - Fredrik Karlstrom wins face-off versus Antti Saarela in Phantoms zone.
3:29 of 2nd period - Bokondji Imama is hit by Antti Saarela and loses puck.
3:50 of 2nd period - Shot by Antti Saarela.
3:50 of 2nd period - Shot Blocked by Justin Kirkland.
3:54 of 2nd period - Shot by Lucas Edmonds.
3:54 of 2nd period - Shot Blocked by Justin Kirkland.
3:56 of 2nd period - Shot by Anthony Deangelo.
3:56 of 2nd period - Stopped by FarmGoal5 with a rebound.
3:58 of 2nd period - Shot by Nikita Chibrikov.
3:58 of 2nd period - Stopped by FarmGoal5 with a rebound.
4:22 of 2nd period - Shot by Brayden Tracey.
4:22 of 2nd period - Shot Misses the Net.
4:24 of 2nd period - Shot by Jakub Zboril.
4:24 of 2nd period - Stopped by FarmGoal5 with a rebound.
4:26 of 2nd period - Shot by Tyson Hinds.
4:26 of 2nd period - Shot Misses the Net.
4:28 of 2nd period - Shot by Brayden Tracey.
4:28 of 2nd period - Shot Misses the Net.
4:34 of 2nd period - Shot by Roni Hirvonen.
4:34 of 2nd period - Shot Misses the Net.
4:36 of 2nd period - Shot by Roni Hirvonen.
4:36 of 2nd period - Stopped by FarmGoal5 without a rebound.
4:37 of 2nd period - Antti Saarela wins face-off versus Ruslan Iskhakov in Phantoms zone.
4:42 of 2nd period - Shot by Lucas Edmonds.
4:42 of 2nd period - Stopped by FarmGoal5 without a rebound.
4:43 of 2nd period - Antti Saarela wins face-off versus Fredrik Karlstrom in Phantoms zone.
4:56 of 2nd period - Shot by Lucas Edmonds.
4:56 of 2nd period - Stopped by FarmGoal5 with a rebound.
4:58 of 2nd period - Shot by Jake Massie.
4:58 of 2nd period - Shot Blocked by Leon Gawanke.
5:00 of 2nd period - Shot by Nikita Chibrikov.
5:00 of 2nd period - Shot Blocked by Leon Gawanke.
5:19 of 2nd period - Off-side.
5:20 of 2nd period - Ruslan Iskhakov wins face-off versus Roni Hirvonen in neutral zone.
5:27 of 2nd period - Shot by Brayden Tracey.
5:27 of 2nd period - Stopped by FarmGoal5 with a rebound.
5:41 of 2nd period - Shot by Roni Hirvonen.
5:41 of 2nd period - Shot Misses the Net.
5:49 of 2nd period - Roni Hirvonen is hit by Oskar Back and loses puck.
6:42 of 2nd period - Shot by Matej Blumel.
6:42 of 2nd period - Stopped by Nico Daws without a rebound.
6:43 of 2nd period - Fredrik Karlstrom wins face-off versus Antti Saarela in Penguins zone.
7:14 of 2nd period - Minor Penalty to Jake Massie for Interference.
7:15 of 2nd period - Ryan Winterton wins face-off versus Justin Bailey in Penguins zone.
7:15 of 2nd period - Ryan Winterton is hit by Justin Bailey.
8:14 of 2nd period - Shot by Ruslan Iskhakov.
8:14 of 2nd period - Stopped by Nico Daws without a rebound.
8:15 of 2nd period - Ruslan Iskhakov wins face-off versus Brayden Tracey in Penguins zone.
8:18 of 2nd period - Shot by Ruslan Iskhakov.
8:18 of 2nd period - Deflect By Jansen Harkins.
8:18 of 2nd period - Shot Misses the Net.
8:25 of 2nd period - Icing by Alexis Gendron.
8:26 of 2nd period - Ruslan Iskhakov wins face-off versus Brayden Tracey in Phantoms zone.
8:31 of 2nd period - Corey Schueneman is hit by Ruslan Iskhakov and loses puck.
10:25 of 2nd period - Justin Bailey is hit by Tyler Kleven and loses puck.
10:42 of 2nd period - Shot by Justin Kirkland.
10:42 of 2nd period - Stopped by Nico Daws without a rebound.
10:43 of 2nd period - Ruslan Iskhakov wins face-off versus Ryan Winterton in Penguins zone.
11:01 of 2nd period - Austin Watson is hit by Oskar Back and loses puck.
12:01 of 2nd period - Shot by Matt Rempe.
12:01 of 2nd period - Stopped by Nico Daws without a rebound.
12:02 of 2nd period - Fredrik Karlstrom wins face-off versus Roni Hirvonen in Penguins zone.
12:02 of 2nd period - Jonathan Aspirot is hit by Tyler Kleven.
12:04 of 2nd period - Shot by Ville Heinola.
12:04 of 2nd period - Shot Misses the Net.
12:21 of 2nd period - Minor Penalty to Tyler Kleven for Tripping.
12:22 of 2nd period - Justin Bailey wins face-off versus Ryan Winterton in Penguins zone.
12:25 of 2nd period - Shot by Matej Blumel.
12:25 of 2nd period - Stopped by Nico Daws with a rebound.
12:29 of 2nd period - Shot by Robert Hagg.
12:29 of 2nd period - Shot Misses the Net.
12:31 of 2nd period - Shot by Justin Bailey.
12:31 of 2nd period - Stopped by Nico Daws with a rebound.
12:33 of 2nd period - Shot by Robert Hagg.
12:33 of 2nd period - Shot Misses the Net.
12:35 of 2nd period - Shot by Robert Hagg.
12:35 of 2nd period - Stopped by Nico Daws with a rebound.
12:37 of 2nd period - Shot by Robert Hagg.
12:37 of 2nd period - Shot Blocked by Anthony Deangelo.
12:39 of 2nd period - Shot by Robert Hagg.
12:39 of 2nd period - Stopped by Nico Daws with a rebound.
12:41 of 2nd period - Shot by Matej Blumel.
12:41 of 2nd period - Shot Blocked by Anthony Deangelo.
12:43 of 2nd period - Shot by Fredrik Karlstrom.
12:43 of 2nd period - Stopped by Nico Daws without a rebound.
12:44 of 2nd period - Ruslan Iskhakov wins face-off versus Brayden Tracey in Penguins zone.
13:11 of 2nd period - Shot by Leon Gawanke.
13:11 of 2nd period - Stopped by Nico Daws with a rebound.
14:19 of 2nd period - Shot by Simon Lundmark.
14:19 of 2nd period - Stopped by Nico Daws without a rebound.
14:20 of 2nd period - Ruslan Iskhakov wins face-off versus Brayden Tracey in Penguins zone.
14:25 of 2nd period - Shot by Oskar Back.
14:25 of 2nd period - Deflect By Matej Blumel.
14:25 of 2nd period - Shot Misses the Net.
14:27 of 2nd period - Shot by Oskar Back.
14:27 of 2nd period - Shot Misses the Net.
14:29 of 2nd period - Shot by Ruslan Iskhakov.
14:29 of 2nd period - Stopped by Nico Daws without a rebound.
14:30 of 2nd period - Antti Saarela wins face-off versus Ruslan Iskhakov in Penguins zone.
14:47 of 2nd period - Shot by Nikita Chibrikov.
14:47 of 2nd period - Shot Misses the Net.
14:58 of 2nd period - Icing by Jonathan Aspirot.
14:59 of 2nd period - Roni Hirvonen wins face-off versus Ruslan Iskhakov in Phantoms zone.
15:07 of 2nd period - Minor Penalty to Jonathan Aspirot for Tripping.
15:08 of 2nd period - Ryan Winterton wins face-off versus Justin Bailey in Phantoms zone.
15:34 of 2nd period - Shot by Tyler Kleven.
15:34 of 2nd period - Stopped by FarmGoal5 with a rebound.
15:36 of 2nd period - Shot by Ryan Winterton.
15:36 of 2nd period - Stopped by FarmGoal5 with a rebound.
15:38 of 2nd period - Shot by Ryan Winterton.
15:38 of 2nd period - Shot Blocked by Simon Lundmark.
15:40 of 2nd period - Shot by Tyler Kleven.
15:40 of 2nd period - Deflect By Ryan Winterton.
15:40 of 2nd period - Stopped by FarmGoal5 with a rebound.
15:42 of 2nd period - Shot by Tyler Kleven.
15:42 of 2nd period - Shot Misses the Net.
15:44 of 2nd period - Shot by Ryan Winterton.
15:44 of 2nd period - Stopped by FarmGoal5 without a rebound.
15:45 of 2nd period - Antti Saarela wins face-off versus Matt Rempe in Phantoms zone.
15:46 of 2nd period - Shot by Anthony Deangelo.
15:46 of 2nd period - Goal by Anthony Deangelo - Penguins : 5 - Phantoms : 1.
15:47 of 2nd period - Fredrik Karlstrom wins face-off versus Antti Saarela in neutral zone.
15:50 of 2nd period - Nikita Chibrikov is hit by Matt Rempe.
16:13 of 2nd period - Shot by Lucas Edmonds.
16:13 of 2nd period - Stopped by FarmGoal5 with a rebound.
16:32 of 2nd period - Icing by Ville Heinola.
16:33 of 2nd period - Ruslan Iskhakov wins face-off versus Brendan Lemieux in Phantoms zone.
16:33 of 2nd period - Ruslan Iskhakov is hit by Brendan Lemieux.
16:58 of 2nd period - Shot by Daniel Torgersson.
16:58 of 2nd period - Shot Blocked by Ville Heinola.
17:08 of 2nd period - Jonathan Aspirot is hit by Brendan Lemieux and loses puck.
17:56 of 2nd period - Icing by Roni Hirvonen.
17:57 of 2nd period - Fredrik Karlstrom wins face-off versus Roni Hirvonen in Penguins zone.
18:03 of 2nd period - Nikita Chibrikov is hit by Robert Hagg and loses puck.
18:26 of 2nd period - Shot by Fredrik Karlstrom.
18:26 of 2nd period - Shot Blocked by Jake Massie.
18:31 of 2nd period - Minor Penalty to Matt Rempe for Roughing.
18:32 of 2nd period - Antti Saarela wins face-off versus Justin Bailey in Phantoms zone.
19:00 of 2nd period - Icing by Jake Massie.
19:01 of 2nd period - Justin Bailey wins face-off versus Antti Saarela in Penguins zone.
19:31 of 2nd period - Shot by Corey Schueneman.
19:31 of 2nd period - Shot Misses the Net.
19:35 of 2nd period - Shot by Ryan Winterton.
19:35 of 2nd period - Shot Misses the Net.
19:37 of 2nd period - Shot by Corey Schueneman.
19:37 of 2nd period - Stopped by FarmGoal5 with a rebound.
19:41 of 2nd period - Shot by Ryan Winterton.
19:41 of 2nd period - Goal by Ryan Winterton - Penguins : 6 - Phantoms : 1.
19:42 of 2nd period - Ryan Winterton wins face-off versus Ruslan Iskhakov in neutral zone.
Goals for this period are 2 for Penguins vs 0 for Phantoms.
Shots for this period are 15 for Penguins vs 13 for Phantoms.
3rd period
0:01 of 3rd period - Brendan Lemieux wins face-off versus Matt Rempe in neutral zone.
0:14 of 3rd period - Minor Penalty to Matt Rempe for Holding.
0:14 of 3rd period - Minor Penalty to Anthony Deangelo for Cross-checking.
0:15 of 3rd period - Brendan Lemieux wins face-off versus Jansen Harkins in Penguins zone.
0:15 of 3rd period - Brendan Lemieux is hit by Jansen Harkins.
0:33 of 3rd period - Shot by Simon Lundmark.
0:33 of 3rd period - Shot Blocked by Corey Schueneman.
0:35 of 3rd period - Shot by Simon Lundmark.
0:35 of 3rd period - Shot Blocked by Tyler Kleven.
0:37 of 3rd period - Shot by Jansen Harkins.
0:37 of 3rd period - Shot Misses the Net.
1:07 of 3rd period - Shot by Ruslan Iskhakov.
1:07 of 3rd period - Stopped by Nico Daws without a rebound.
1:08 of 3rd period - Ryan Winterton wins face-off versus Ruslan Iskhakov in Penguins zone.
1:27 of 3rd period - Shot by Ruslan Iskhakov.
1:27 of 3rd period - Stopped by Nico Daws without a rebound.
1:28 of 3rd period - Ruslan Iskhakov wins face-off versus Ryan Winterton in Penguins zone.
1:32 of 3rd period - Fredrik Karlstrom is hit by Tyson Hinds and loses puck.
1:42 of 3rd period - Shot by Ryan Winterton.
1:42 of 3rd period - Stopped by FarmGoal5 with a rebound.
2:15 of 3rd period - Jake Massie is hit by Justin Kirkland and loses puck.
2:26 of 3rd period - Shot by Justin Bailey.
2:26 of 3rd period - Shot Misses the Net.
2:38 of 3rd period - Shot by Matej Blumel.
2:38 of 3rd period - Stopped by Nico Daws with a rebound.
2:40 of 3rd period - Shot by Justin Bailey.
2:40 of 3rd period - Stopped by Nico Daws without a rebound.
2:41 of 3rd period - Matt Rempe wins face-off versus Nikita Chibrikov in Penguins zone.
2:41 of 3rd period - Matt Rempe is hit by Jakub Zboril.
2:43 of 3rd period - Shot by Justin Bailey.
2:43 of 3rd period - Deflect By Matt Rempe.
2:43 of 3rd period - Stopped by Nico Daws without a rebound.
2:44 of 3rd period - Ryan Winterton wins face-off versus Justin Bailey in Penguins zone.
2:46 of 3rd period - Icing by Austin Watson.
2:47 of 3rd period - Ryan Winterton wins face-off versus Justin Bailey in Penguins zone.
3:31 of 3rd period - Jakub Zboril is hit by Simon Lundmark and loses puck.
4:19 of 3rd period - Icing by Corey Schueneman.
4:20 of 3rd period - Antti Saarela wins face-off versus Justin Bailey in Penguins zone.
4:41 of 3rd period - Shot by Justin Kirkland.
4:41 of 3rd period - Deflect By Matej Blumel.
4:41 of 3rd period - Stopped by Nico Daws with a rebound.
5:12 of 3rd period - Shot by Brayden Tracey.
5:12 of 3rd period - Shot Misses the Net.
5:30 of 3rd period - Minor Penalty to Roni Hirvonen for Holding.
5:31 of 3rd period - Ruslan Iskhakov wins face-off versus Brayden Tracey in Penguins zone.
5:38 of 3rd period - Shot by Ruslan Iskhakov.
5:38 of 3rd period - Stopped by Nico Daws without a rebound.
5:39 of 3rd period - Ruslan Iskhakov wins face-off versus Brayden Tracey in Penguins zone.
6:33 of 3rd period - Shot by Fredrik Karlstrom.
6:33 of 3rd period - Shot Blocked by Corey Schueneman.
6:35 of 3rd period - Shot by Simon Lundmark.
6:35 of 3rd period - Shot Misses the Net.
6:37 of 3rd period - Shot by Simon Lundmark.
6:37 of 3rd period - Stopped by Nico Daws without a rebound.
6:38 of 3rd period - Ryan Winterton wins face-off versus Matt Rempe in Penguins zone.
6:38 of 3rd period - Ryan Winterton is hit by Matt Rempe.
6:57 of 3rd period - Off-side.
6:58 of 3rd period - Ruslan Iskhakov wins face-off versus Brayden Tracey in neutral zone.
7:15 of 3rd period - Shot by Reilly Walsh.
7:15 of 3rd period - Stopped by Nico Daws without a rebound.
7:16 of 3rd period - Ruslan Iskhakov wins face-off versus Ryan Winterton in Penguins zone.
7:21 of 3rd period - Shot by Leon Gawanke.
7:21 of 3rd period - Stopped by Nico Daws with a rebound.
7:23 of 3rd period - Shot by Jansen Harkins.
7:23 of 3rd period - Deflect By Ruslan Iskhakov.
7:23 of 3rd period - Shot Blocked by Tyler Kleven.
7:25 of 3rd period - Shot by Jansen Harkins.
7:25 of 3rd period - Deflect By Ruslan Iskhakov.
7:25 of 3rd period - Shot Blocked by Tyler Kleven.
7:27 of 3rd period - Shot by Matt Rempe.
7:27 of 3rd period - Shot Misses the Net.
7:29 of 3rd period - Shot by Simon Lundmark.
7:29 of 3rd period - Stopped by Nico Daws with a rebound.
7:32 of 3rd period - Matej Blumel is hit by Anthony Deangelo and loses puck.
7:33 of 3rd period - Minor Penalty to Jake Massie for Roughing.
7:34 of 3rd period - Brayden Tracey wins face-off versus Justin Bailey in Penguins zone.
7:39 of 3rd period - Shot by Reilly Walsh.
7:39 of 3rd period - Stopped by Nico Daws without a rebound.
7:40 of 3rd period - Ryan Winterton wins face-off versus Justin Bailey in Penguins zone.
7:54 of 3rd period - Justin Bailey is hit by Tyson Hinds and loses puck.
8:01 of 3rd period - Shot by Matej Blumel.
8:01 of 3rd period - Shot Misses the Net.
8:03 of 3rd period - Shot by Justin Bailey.
8:03 of 3rd period - Shot Misses the Net.
9:00 of 3rd period - Off-side.
9:01 of 3rd period - Ryan Winterton wins face-off versus Ruslan Iskhakov in neutral zone.
10:03 of 3rd period - Icing by Jake Massie.
10:04 of 3rd period - Roni Hirvonen wins face-off versus Fredrik Karlstrom in Penguins zone.
10:23 of 3rd period - Icing by Jake Massie.
10:24 of 3rd period - Roni Hirvonen wins face-off versus Ruslan Iskhakov in Penguins zone.
10:28 of 3rd period - Anthony Deangelo is hit by Jonathan Aspirot.
10:33 of 3rd period - Minor Penalty to Austin Watson for Roughing.
10:34 of 3rd period - Justin Bailey wins face-off versus Brayden Tracey in Penguins zone.
10:49 of 3rd period - Shot by Reilly Walsh.
10:49 of 3rd period - Stopped by Nico Daws with a rebound.
11:40 of 3rd period - Shot by Leon Gawanke.
11:40 of 3rd period - Stopped by Nico Daws with a rebound.
11:46 of 3rd period - Shot by Ruslan Iskhakov.
11:46 of 3rd period - Stopped by Nico Daws with a rebound.
11:48 of 3rd period - Shot by Simon Lundmark.
11:48 of 3rd period - Stopped by Nico Daws without a rebound.
11:49 of 3rd period - Matt Rempe wins face-off versus Brayden Tracey in Penguins zone.
12:50 of 3rd period - Shot by Lucas Edmonds.
12:50 of 3rd period - Stopped by FarmGoal5 without a rebound.
12:51 of 3rd period - Roni Hirvonen wins face-off versus Justin Bailey in Phantoms zone.
12:51 of 3rd period - Daniel Torgersson is hit by Robert Hagg and loses puck.
12:59 of 3rd period - Minor Penalty to Robert Hagg for Hooking.
13:00 of 3rd period - Antti Saarela wins face-off versus Justin Bailey in Phantoms zone.
13:20 of 3rd period - Off-side.
13:21 of 3rd period - Ryan Winterton wins face-off versus Justin Bailey in neutral zone.
13:46 of 3rd period - Shot by Anthony Deangelo.
13:46 of 3rd period - Stopped by FarmGoal5 without a rebound.
13:47 of 3rd period - Antti Saarela wins face-off versus Justin Bailey in Phantoms zone.
14:40 of 3rd period - Icing by Ryan Winterton.
14:41 of 3rd period - Ryan Winterton wins face-off versus Justin Bailey in Penguins zone.
14:41 of 3rd period - Ryan Winterton is hit by Matej Blumel.
14:47 of 3rd period - Shot by Jake Massie.
14:47 of 3rd period - Stopped by FarmGoal5 with a rebound.
14:49 of 3rd period - Shot by Ryan Winterton.
14:49 of 3rd period - Stopped by FarmGoal5 with a rebound.
14:51 of 3rd period - Shot by Ryan Winterton.
14:51 of 3rd period - Shot Misses the Net.
15:10 of 3rd period - Minor Penalty to Tyson Hinds for Interference.
15:11 of 3rd period - Ryan Winterton wins face-off versus Ruslan Iskhakov in Penguins zone.
15:11 of 3rd period - Ryan Winterton is hit by Matt Rempe.
15:32 of 3rd period - Jansen Harkins is hit by Luke Hughes and loses puck.
16:50 of 3rd period - Shot by Jansen Harkins.
16:50 of 3rd period - Stopped by Nico Daws without a rebound.
16:51 of 3rd period - Brayden Tracey wins face-off versus Ruslan Iskhakov in Penguins zone.
17:22 of 3rd period - Shot by Matej Blumel.
17:22 of 3rd period - Shot Misses the Net.
17:24 of 3rd period - Shot by Jonathan Aspirot.
17:24 of 3rd period - Stopped by Nico Daws without a rebound.
17:25 of 3rd period - Fredrik Karlstrom wins face-off versus Antti Saarela in Penguins zone.
17:25 of 3rd period - Fredrik Karlstrom is hit by Tyson Hinds.
17:46 of 3rd period - Icing by Nikita Chibrikov.
17:47 of 3rd period - Antti Saarela wins face-off versus Ruslan Iskhakov in Penguins zone.
17:47 of 3rd period - Antti Saarela is hit by Jansen Harkins.
17:59 of 3rd period - Shot by Oskar Back.
17:59 of 3rd period - Stopped by Nico Daws without a rebound.
18:00 of 3rd period - Roni Hirvonen wins face-off versus Justin Bailey in Penguins zone.
18:23 of 3rd period - Shot by Justin Kirkland.
18:23 of 3rd period - Shot Misses the Net.
18:26 of 3rd period - Icing by Jake Massie.
18:27 of 3rd period - Roni Hirvonen wins face-off versus Ruslan Iskhakov in Penguins zone.
18:33 of 3rd period - Roni Hirvonen is hit by Jansen Harkins.
18:42 of 3rd period - Minor Penalty to Brayden Tracey for High sticking.
18:43 of 3rd period - Justin Bailey wins face-off versus Ryan Winterton in Penguins zone.
18:44 of 3rd period - Shot by Fredrik Karlstrom.
18:44 of 3rd period - Deflect By Matej Blumel.
18:44 of 3rd period - Shot Misses the Net.
18:46 of 3rd period - Shot by Fredrik Karlstrom.
18:46 of 3rd period - Shot Misses the Net.
18:48 of 3rd period - Shot by Justin Bailey.
18:48 of 3rd period - Stopped by Nico Daws without a rebound.
18:49 of 3rd period - Ryan Winterton wins face-off versus Ruslan Iskhakov in Penguins zone.
19:08 of 3rd period - Shot by Jansen Harkins.
19:08 of 3rd period - Shot Misses the Net.
19:46 of 3rd period - Shot by Matej Blumel.
19:46 of 3rd period - Goal by Matej Blumel - Penguins : 6 - Phantoms : 2.
19:47 of 3rd period - Antti Saarela wins face-off versus Justin Bailey in neutral zone.
Goals for this period are 0 for Penguins vs 1 for Phantoms.
Shots for this period are 5 for Penguins vs 21 for Phantoms.
Back to the Top